 Dungeon Crawl Stone Soup version 0.17.1-3-g152610e (webtiles) character file.

918 Sezit the Shield-Bearer (level 8, -3/50 HPs)
             Began as a Gargoyle Fighter on Apr 26, 2016.
             Slain by an ogre
             ... wielding a +0 giant club
              (27 damage)
             ... on level 5 of the Dungeon.
             The game lasted 00:42:33 (5515 turns).

Sezit the Shield-Bearer (Gargoyle Fighter)          Turns: 5515, Time: 00:42:33

Health: -3/50      AC: 13    Str: 22    XL:     8   Next: 9%
Magic:  2/2        EV:  8    Int:  9    God:
Gold:   38         SH: 10    Dex: 11    Spells: 0 memorised, 7 levels left

rFire  + . .     SeeInvis .     v - +1 mace of Ru {antimagic, Dex+2}
rCold  . . .     Clarity  .     b - +0 scale mail
rNeg   + . .     SustAt   .     c - +0 shield
rPois  ∞         Gourm    .     i - +0 helmet
rElec  +         Spirit   .     (no cloak)
rCorr  .         Warding  .     (no gloves)
rMut   .         Stasis   .     (no boots)
MR     .....                    (no amulet)
Stlth  ..........               (no ring)
                                h - ring of protection from fire

@: not resistant to hostile enchantments, extremely unstealthy
A: negative energy resistance 1, electricity resistance, unbreathing,
petrification resistance, rot immunity, AC +5
a: no special abilities


You were on level 5 of the Dungeon.
You were not hungry.

You visited 1 branch of the dungeon, and saw 5 of its levels.

You collected 142 gold pieces.
You spent 104 gold pieces at shops.

Inventory:

Hand Weapons
 l - a +0 trident of piercing
 t - a cursed -3 giant club
 v - the +1 mace of Ru (weapon) {antimagic, Dex+2}
   (You found it on level 4 of the Dungeon)

   It disrupts the flow of magical energy around spellcasters and certain
   magical creatures (including the wielder).
   It affects your dexterity (+2).
Armour
 a - a +0 chain mail
 b - a +0 scale mail (worn)
 c - a +0 shield (worn)
 i - a +0 helmet (worn)
 A - a +0 ring mail of poison resistance
Jewellery
 h - a ring of protection from fire (left hand)
Wands
 n - a wand of random effects (0)
Scrolls
 k - 2 scrolls of fear
 y - a scroll of noise
 B - a scroll of identify
Potions
 d - 3 potions of might
 g - a potion of magic {unknown}
 j - a potion of heal wounds
 m - 2 potions of haste {unknown}
 s - a potion of curing {unknown}
 w - a potion of flight {unknown}
 E - a potion of poison {unknown}
Comestibles
 e - a bread ration
 r - a slice of pizza
 u - 3 meat rations
 z - a beef jerky
 D - 3 fruits


   Skills:
 + Level 5.4 Fighting
 * Level 5.0 Maces & Flails
 + Level 5.1 Armour
 - Level 1.1 Dodging
 - Level 0.2 Stealth
 * Level 6.5 Shields


You had 7 spell levels left.
You didn't know any spells.

Dungeon Overview and Level Annotations

Branches:
Dungeon (5/15)
 Temple: D:4-7

Altars:
Ashenzari
Kikubaaqudgha
Qazlal
Yredelemnul
Zin
The Shining One

Shops:
D:4 [((


Innate Abilities, Weirdness & Mutations

You are resistant to torment.
Your stone body is resilient (AC +5).
You are immune to poison.
You resist negative energy.
You are resistant to electric shocks.
You can survive without breathing.
You are immune to petrification.
You are immune to rotting.


Message History

Things that are here:
a giant club; an ogre corpse You start resting.
HP restored.
You open the door.
There is an open door here.
An ogre comes into view. It is wielding a giant club.
The ogre shouts!
The ogre hits you with a giant club.
You hit the ogre.
The ogre is moderately wounded.
The ogre hits you with a giant club!!
Your shield prevents you from hitting the ogre.
The ogre is moderately wounded.
The ogre closely misses you.
You sock the ogre!
The ogre is severely wounded.
The ogre hits you with a giant club!!
Ouch! That really hurt!
You die...

#.# #.## #.# #... ##.#
#### #..# # #.## ## #.##
##. . # #..## ##..
....#.########...####...
......O@............+...
........##.###...####(..
#.#.###.##.# #...# ##..
# #.##.# #.#.# ##.
#.##.# ..#.# ## #.##.#
###.# # #.##.# .# ###
#.##.# ##.# ##.8.


You could see an ogre.

Vanquished Creatures
  2 sky beasts (D:5)
  3 ogres
  A water moccasin skeleton (D:4)
  A centaur zombie (D:5)
  2 hounds (D:4)
  A centaur skeleton (D:4)
  A giant frog skeleton (D:4)
  An orc wizard (D:5)
  A worker ant (D:4)
  Natasha (thrice) (D:2)
  A hound skeleton (D:4)
  Robin (D:3)
  A gnoll (D:1)
  5 adders
  A shadow imp (D:5)
  2 oozes
  4 worms
  3 giant geckos
  7 orcs
  A giant cockroach (D:1)
  8 hobgoblins
  12 jackals
  3 kobolds
  4 quokkas
  A ball python (D:3)
  7 bats
  6 giant newts
  17 goblins
  A jackal zombie (D:5)
  A quokka skeleton (D:4)
  8 rats
  2 plants (D:1)
112 creatures vanquished.

Vanquished Creatures (others)
  A human (D:2)
1 creature vanquished.

Grand Total: 113 creatures vanquished

Notes
Turn   | Place    | Note
--------------------------------------------------------------
     0 | D:1      | Sezit the Gargoyle Fighter began the quest for the Orb.
     0 | D:1      | Reached XP level 1. HP: 14/14 MP: 1/1
   114 | D:1      | Reached XP level 2. HP: 17/19 MP: 2/2
   621 | D:1      | Reached XP level 3. HP: 15/24 MP: 3/3
  1299 | D:2      | Noticed Natasha
  1318 | D:2      | Killed Natasha
  1318 | D:2      | Reached XP level 4. HP: 14/29 MP: 4/4
  1510 | D:2      | Found a glowing golden altar of the Shining One.
  1514 | D:2      | Noticed an angel
  1529 | D:2      | Found a basalt altar of Yredelemnul.
  1531 | D:2      | Noticed a profane servitor
  1631 | D:2      | Reached skill level 4 in Shields
  1634 | D:2      | Noticed Natasha
  1651 | D:2      | Killed Natasha
  1730 | D:2      | Noticed Natasha
  1737 | D:2      | Killed Natasha
  1794 | D:2      | Found a shattered altar of Ashenzari.
  1890 | D:2      | Found an ancient bone altar of Kikubaaqudgha.
  1891 | D:2      | Noticed a human
  1893 | D:2      | Killed a human
  2119 | D:2      | Reached XP level 5. HP: 33/33 MP: 5/5
  2437 | D:3      | Noticed Robin
  2449 | D:3      | Reached skill level 1 in Dodging
  2474 | D:3      | Killed Robin
  3175 | D:4      | Reached XP level 6. HP: 31/38 MP: 6/6
  3212 | D:4      | Found a stormy altar of Qazlal.
  3212 | D:4      | Found a glowing silver altar of Zin.
  3357 | D:4      | Found Qageroys's Antique Weapon Shoppe.
  3386 | D:4      | Noticed an ogre
  3404 | D:4      | Killed an ogre
  3404 | D:4      | Reached skill level 5 in Shields
  3674 | D:4      | Found Ocacs's Antique Weapon Boutique.
  3905 | D:4      | Got a bone mace
  4231 | D:4      | Found Pifam's Armour Emporium.
  4250 | D:4      | Bought a +0 ring mail of poison resistance for 104 gold pieces
  4250 | D:4      | Identified the cursed +1 mace of Ru {antimagic, Dex+2} (You found it on level 4 of the Dungeon)
  4280 | D:4      | Reached XP level 7. HP: 38/44 MP: 2/7
  4776 | D:5      | Entered Level 5 of the Dungeon
  4842 | D:5      | Reached skill level 5 in Fighting
  4859 | D:5      | Reached skill level 6 in Shields
  5280 | D:5      | Reached skill level 5 in Armour
  5280 | D:5      | Reached XP level 8. HP: 43/49 MP: 2/8
  5406 | D:5      | Reached skill level 5 in Maces & Flails
  5515 | D:5      | Slain by an ogre

Action                   |  1- 3 |  4- 6 |  7- 9 || total
-------------------------+-------+-------+-------++-------
Melee: Flail             |   169 |   218 |       ||   387
       Club              |       |    62 |       ||    62
       Mace              |       |    10 |   132 ||   142
Evoke: Wand              |       |     1 |     1 ||     2
  Use: Scroll            |       |     4 |     3 ||     7
       Potion            |       |     2 |       ||     2
 Stab: Paralysed         |       |       |     4 ||     4
  Eat: Chunk             |     1 |     8 |       ||     9
       Bread ration      |       |     1 |       ||     1
       Meat ration       |       |       |     1 ||     1
